 Dungeon Crawl Stone Soup version 0.29-a0-364-g921d912d32 (webtiles) character file.

Game seed: 9994218052699196442

2296 jlumianski the Cleaver (level 9, -2/75 HPs)
             Began as a Yellow Draconian Fighter on May 1, 2022.
             Was a Believer of Okawaru.
             Killed from afar by an electric eel (15 damage)
             ... with a bolt of electricity
             ... on level 7 of the Dungeon.
             The game lasted 00:24:26 (6817 turns).

jlumianski the Cleaver (Yellow Draconian Fighter)   Turns: 6817, Time: 00:24:29

Health: -2/75      AC:  8    Str: 24    XL:     9   Next: 17%
Magic:  9/9        EV: 12    Int: 10    God:    Okawaru [**....]
Gold:   152        SH: 11    Dex: 10    Spells: 8/8 levels left

rFire   . . .      SeeInvis +   d - +6 broad axe (flame)
rCold   . . .      Faith    .   b - +1 buckler
rNeg    . . .      Spirit   .   (body armour unavailable)
rPois   .          Reflect  +   (helmet restricted)
rElec   .          Harm     .   (no cloak)
rCorr   +          Rampage  .   (no gloves)
Will    .....                   o - +0 pair of boots
Stlth   ++........              h - amulet of reflection
HPRegen 0.22/turn               (no ring)
MPRegen 0.11/turn               (no ring)

@: no status effects
A: spit acid, AC +7, unfitting armour, cold-blooded, acid resistance, see
invisible, clever 1
a: Breathe Acid, Renounce Religion, Heroism


You were on level 7 of the Dungeon.
You worshipped Okawaru.
Okawaru was pleased with you.
You visited 2 branches of the dungeon, and saw 8 of its levels.

You collected 248 gold pieces.
You spent 96 gold pieces at shops.

Inventory:

Hand Weapons
 a - a +0 war axe
 d - a +6 broad axe of flaming (weapon)
 v - a +3 flail of protection
 E - a +2 war axe
Missiles
 i - 169 stones
 s - 10 poisoned darts (quivered)
 x - a throwing net
 z - 2 javelins
Armour
 b - a +1 buckler (worn)
 o - a +0 pair of boots (worn)
Jewellery
 h - an amulet of reflection (around neck)
 C - an amulet of guardian spirit
Wands
 F - a wand of iceblast (4)
Scrolls
 e - 2 scrolls of vulnerability
 j - 3 scrolls of teleportation
 m - a scroll of immolation
 w - a scroll of enchant armour
 y - 3 scrolls of magic mapping
 B - a scroll of identify
Potions
 c - a potion of might
 f - 3 potions of flight
 g - 7 potions of curing
 k - 2 potions of degeneration
 l - a potion of heal wounds
 n - a potion of invisibility
 p - 2 potions of cancellation
 q - 3 potions of mutation
 r - 3 potions of brilliance
 t - a potion of ambrosia
 u - a potion of lignification
 A - a potion of magic
 D - a potion of resistance


   Skills:
 + Level 6.1 Fighting
 + Level 8.6 Axes
 + Level 4.9 Dodging
 + Level 2.9 Stealth
 + Level 6.0 Shields


You had 8 spell levels left.
You didn't know any spells.
Your spell library contained the following spells:

 Spells                   Type           Power      Damage    Failure   Level
 Summon Small Mammal      Summ           Unusable   N/A       N/A         1
 Call Canine Familiar     Summ           Unusable   N/A       N/A         3
 Summon Guardian Golem    Hex/Summ       Unusable   N/A       N/A         3

Dungeon Overview and Level Annotations

Branches:
Dungeon (7/15)             Temple (1/1) D:5

Altars:
Ashenzari
Cheibriados
Dithmenos
Elyvilon
Fedhas
Gozag
Kikubaaqudgha
Makhleb
Nemelex Xobeh
Okawaru
Trog
Uskayaw
Vehumet
Wu Jian
Xom
Yredelemnul
Zin
The Shining One

Shops:
D:7 *


Innate Abilities, Weirdness & Mutations

You can spit globs of acid.
Your golden yellow scales are hard. (AC +7)
You cannot fit into any form of body armour.
You are cold-blooded and may be slowed by cold attacks.
You are resistant to acid. (rCorr)
You have supernaturally acute eyesight. (SInv)
Your mind is acute. (Int +2)


Message History

a +0 whip; an orc corpse
Things that are here:
a +0 mace; a +0 club
Things that are here:
a +0 club; an orc corpse
There is an entrance to Hoymehix's Elemental Accessories here.
F - a wand of iceblast (4) Thank you for shopping at Hoymehix's Elemental Accessories!
Found an escape hatch in the ceiling.
g - 7 potions of curing (gained 1)
An electric eel comes into view.
The electric eel shoots out a bolt of lightning at you!
The bolt of electricity hits you.
The electric eel shoots out a bolt of lightning at you!
The bolt of electricity hits you!
You miss the electric eel. You miss the electric eel.
The electric eel shoots out a bolt of lightning at you!
The bolt of electricity hits you.
You closely miss the electric eel.
The electric eel shoots out a bolt of lightning at you!
The bolt of electricity misses you.
You barely miss the electric eel. You closely miss the electric eel.
Your tail-slap misses the electric eel.
You slash the electric eel! You burn the electric eel.
The electric eel is heavily wounded.
The electric eel shoots out a bolt of lightning at you!
The bolt of electricity hits you!
You closely miss the electric eel.
The electric eel is heavily wounded.
The electric eel shoots out a bolt of lightning at you!
The bolt of electricity hits you!
You barely miss the electric eel.
The electric eel is heavily wounded.
The electric eel shoots out a bolt of lightning at you!
The bolt of electricity hits you!
* * * LOW HITPOINT WARNING * * *
The electric eel shoots out a bolt of lightning at you!
The bolt of electricity hits you!
You die...

≈≈≈≈P≈ .. ≈≈≈≈≈≈
#.# ≈≈≈≈≈≈♣ ..#
≈≈≈≈≈≈≈♣# ..#
≈≈≈≈≈≈≈≈♣###..#
≈≈♣≈..≈.♣.....#
.≈≈.≈........#
.......@.....# .8
.....≈≈S≈≈♣..###...
..≈≈≈≈≈≈♣≈♣.......8
≈≈≈≈≈≈≈♣P#.........
##
≈≈♣♣≈≈≈♣#.......8.8
... ♣
♣♣♣♣....#####...
##... #...## 8..
##...# ###..### ..
...# #####....##


You could see an electric eel.

Vanquished Creatures
  A komodo dragon (D:7)
  Edmund (D:4)
  A sky beast (D:6)
  3 black bears
  2 ogres
  Blork the orc (D:4)
  A bullfrog (D:7)
  2 scorpions
  3 wights (D:7)
  7 killer bees
  2 hounds
  3 jellies
  2 orc priests
  5 iguanas
  An orc wizard (D:7)
  7 gnolls
  10 adders
  A shadow imp (D:6)
  4 white imps
  2 ufetubi (D:6)
  2 worms (D:2)
  3 dart slugs
  19 orcs
  8 ball pythons
  4 endoplasms
  3 giant cockroaches
  5 goblins
  9 hobgoblins
  2 jackals (D:1)
  9 quokkas
  5 bats
  6 kobolds
  2 rats
136 creatures vanquished.

Vanquished Creatures (others)
  10 plants (D:7)
10 creatures vanquished.

Grand Total: 146 creatures vanquished

Notes
Turn   | Place    | Note
-------+----------+-------------------------------------------
     0 | D:1      | jlumianski the Draconian Fighter began the quest for the
                  | Orb.
     0 | D:1      | Reached XP level 1. HP: 19/19 MP: 1/1
    82 | D:1      | Found a faded altar of an unknown god.
   244 | D:1      | Reached XP level 2. HP: 24/26 MP: 2/2
  1041 | D:2      | Reached XP level 3. HP: 31/31 MP: 3/3
  1400 | D:2      | Reached skill level 3 in Axes
  1610 | D:2      | Found a shimmering altar of Xom.
  1822 | D:2      | You fall into a shaft and drop 1 floor!
  2030 | D:2      | Identified a scroll of acquirement
  2030 | D:2      | Acquired a +6 vorpal broad axe
  2035 | D:2      | Gained mutation: Your mind is acute. (Int +2) [potion of
                  | mutation]
  2035 | D:2      | Gained mutation: You have supernaturally acute eyesight.
                  | (SInv) [potion of mutation]
  2552 | D:4      | Reached XP level 4. HP: 24/40 MP: 4/4
  2724 | D:4      | Noticed a scorpion
  2733 | D:4      | Killed a scorpion
  2734 | D:4      | Reached XP level 5. HP: 39/46 MP: 5/5
  2736 | D:4      | Noticed a black bear
  2747 | D:4      | Killed a black bear
  2748 | D:4      | Reached skill level 4 in Axes
  2748 | D:4      | Reached skill level 1 in Stealth
  2822 | D:4      | Reached XP level 6. HP: 52/52 MP: 6/6
  2855 | D:4      | Noticed Edmund
  2864 | D:4      | Killed Edmund
  2974 | D:4      | Reached skill level 5 in Axes
  3293 | D:4      | Noticed Blork the orc
  3300 | D:4      | Killed Blork the orc
  3301 | D:4      | Your scales start taking on a golden yellow colour.
  3301 | D:4      | Reached XP level 7. HP: 58/60 MP: 7/7
  3301 | D:4      | Gained mutation: You are resistant to acid. (rCorr) [Yellow
                  | Draconian growth]
  4163 | D:5      | Entered Level 5 of the Dungeon
  4165 | D:5      | Found a staircase to the Ecumenical Temple.
  4191 | Temple   | Entered the Ecumenical Temple
  4363 | Temple   | Became a worshipper of Warmaster Okawaru
  4413 | D:5      | Reached skill level 5 in Fighting
  4598 | D:5      | Reached skill level 6 in Axes
  5035 | D:5      | Reached XP level 8. HP: 67/68 MP: 8/8
  5475 | D:6      | Found an ornate altar of the Wu Jian Council.
  5494 | D:6      | Reached skill level 5 in Shields
  5563 | D:6      | Found a broken altar of Ashenzari.
  5658 | D:6      | Reached * piety under Okawaru
  5659 | D:6      | Reached skill level 7 in Axes
  6361 | D:7      | Noticed a komodo dragon
  6386 | D:7      | Killed a komodo dragon
  6386 | D:7      | Reached ** piety under Okawaru
  6387 | D:7      | Reached skill level 8 in Axes
  6478 | D:7      | Reached XP level 9. HP: 63/75 MP: 9/9
  6751 | D:7      | Found Hoymehix's Elemental Accessories.
  6762 | D:7      | Bought a wand of iceblast (4) for 96 gold pieces
  6817 | D:7      | Killed from afar by an electric eel

Illustrated notes

Levels and vault maps discovered:
D:1:      evilmike_arrival_crescent, layout_basic,
          shapermc_ecumenical_altar_venn
D:2:      layout_loops_ring, basic_altar, minmay_misc_feat_more_columns
D:3:      layout_basic
D:4:      minmay_diamond_boxcup, layout_loops_ring, uniq_edmund,
          uniq_blork_the_orc
D:5:      layout_loops_corners, minmay_temple_entry_glass,
          nicolae_fountain_basement
D:6:      layout_loops_ring, mainiacjoe_overflow_catch_the_wave,
          hangedman_decor_diamond_cutter
D:7:      layout_cave_pods, grunt_temple_overflow_diamond, serial_column_ruins,
          column_ruins_hut, column_ruins_hut, column_ruins_open_medium,
          column_ruins_open_small, column_ruins_columns_straight,
          column_ruins_open_small, column_ruins_corridor_straight,
          serial_bayou_ford_a, nicolae_elemental_shop, bh_walls_and_bars
Temple:   eino_temple_rhombus

Skill      XL: |  1  2  3  4  5  6  7  8  9 |
---------------+----------------------------+-----
Dodging        | 3 4 |  4.9
Axes           | 3 4 5 6 8 |  8.6
Fighting       | 4 5 6 |  6.1
Stealth        | 1 2 |  2.9
Shields        | 4 5 6 |  6.0

Action                   |  1- 3 |  4- 6 |  7- 9 || total
-------------------------+-------+-------+-------++-------
Melee: War axe           |    85 |       |       ||    85
       Tailslap          |    11 |     8 |    11 ||    30
       Broad axe         |     7 |    68 |   161 ||   236
Throw: Stone             |       |     1 |       ||     1
       Dart              |       |       |     1 ||     1
 Abil: Breathe Acid      |       |       |     4 ||     4
  Use: Potion            |     3 |       |       ||     3
       Scroll            |    11 |     1 |     8 ||    20
 Stab: Sleeping          |     2 |       |     2 ||     4
Armor: Skin              |    25 |    10 |    34 ||    69
Dodge: Dodged            |    58 |    29 |    83 ||   170
Block: Buckler           |    49 |    45 |    88 ||   182
       Reflection        |       |     2 |     2 ||     4

Table legend: (Time is in decaauts)
 A = Elapsed time spent in this place.
 B = Non-inter-level travel time spent in this place.
 C = Inter-level travel time spent in this place.
 D = Time resting spent in this place.
 E = Time spent auto-exploring this place.
 F = Levels seen in this place.
 G = Mean time per level.
                   A        B        C        D        E       F      G
               +--------+--------+--------+--------+--------+-----+--------+
         Total |   6938 |   6839 |     99 |    425 |   4632 |   8 |  867.2 |
       Dungeon |   6744 |   6645 |     99 |    425 |   4485 |   7 |  963.4 |
        Temple |    194 |    194 |      0 |      0 |    147 |   1 |  194.0 |
               +--------+--------+--------+--------+--------+-----+--------+

Top non-repeatable levels by time:
     D:4: 1480 daAuts
     D:5: 1133 daAuts
     D:1: 995 daAuts
     D:2: 944 daAuts
     D:3: 827 daAuts
     D:6: 777 daAuts
     D:7: 585 daAuts
  Temple: 194 daAuts
